[Event "Titled Tuesday Blitz July 05 Late 2022"]
[White "Colas, Joshua"]
[Black "Khater, Sherif"]
[WhiteFideId "2044447"]
[BlackFideId "2034280"]
[WhiteElo "2347"]
[BlackElo "2426"]
[Result "0-1"]
[Round "02"]
[TimeControl "180+1"]
[Date "2022.07.06"]
[WhiteClock "0:00:05"]
[BlackClock "0:00:05"]

1. Nf3 Nf6 2. g3 g6 3. b3 Bg7 4. Bb2 d5 5. c4 dxc4 6. bxc4 c5 7. Bg2 Nc6 8. O-O O-O 9. Ne5 Nxe5 10. Bxe5 Nd7 11. Bxg7 Kxg7 12. d3 Nf6 13. Nc3 Rb8 14. a4 b6 15. a5 Bb7 16. Bxb7 Rxb7 17. axb6 axb6 18. Qb3 Qd7 19. Rfb1 Qh3 20. f3 h5 21. Ne4 Nxe4 22. dxe4 Rd8 23. Qc3+ Kh7 24. Rd1 Rbd7 25. Re1 Qe6 26. Rab1 Rd4 27. Rec1 Qf6 28. Kg2 h4 29. Rb2 Qe6 30. Qb3 h3+ 31. Kf2 R8d6 32. Rbb1 Qe5 33. Qc3 Rf6 34. Kg1 Rfd6 35. Kf2 Qe6 36. Rb2 f6 37. Qb3 g5 38. g4 Qe5 39. Kg1 Rd2 40. Rxd2 Rxd2 41. Qe3 Qb2 42. Re1 Kg7 43. Kf2 Rc2 44. Kg3 Rxc4 45. Kxh3 Qe5 46. Kg2 Rb4 47. Rd1 Rd4 48. Rb1 Rd6 49. Qb3 Qd4 50. Qc2 c4 51. Rb4 Rc6 52. Ra4 b5 53. Ra8 c3 54. Qb3 Qc4 55. Qa3 b4 56. Qa7 Qxe2+ 57. Kg3 Qe1+ 58. Kh3 Qf1+ 59. Kg3 Re6 60. Qb8 Qg1+ 61. Kh3 Qf1+ 62. Kg3 Qe1+ 63. Kg2 Qd2+ 64. Kh3 Rd6 65. Qg8+ Kh6 66. Qh8+ Kg6 67. Rg8+ Kf7 68. Qh7+ Ke6 69. Qf5+ Kf7 70. Qg6+ Ke6 71. Rc8 Kd7 72. Qe8+ Ke6 73. Qg8+ Ke5 74. Rc5+ Kf4 75. Rf5+ Ke3 76. Qc4 Qd3 77. Qc5+ Ke2 78. e5 Rd4 79. exf6 exf6 80. Rxf6 c2 81. Re6+ Kf2 82. Re4 Qxf3# 0-1


[Site "https://www.chess.com"]

[Event "Titled Tuesday Blitz July 05 Late 2022"]
[White "Della Morte, German"]
[Black "Rostovtsev, Dmitry"]
[WhiteFideId "113522"]
[BlackFideId "34278320"]
[WhiteElo "2363"]
[BlackElo "2232"]
[Result "0-1"]
[Round "02"]
[TimeControl "180+1"]
[Date "2022.07.05"]
[WhiteClock "0:00:12"]
[BlackClock "0:00:35"]

1. e4 e5 2. Nf3 Nc6 3. Bc4 Bc5 4. O-O Nf6 5. d3 d6 6. a4 a6 7. c3 O-O 8. h3 h6 9. Re1 Nh5 10. Nxe5 Qh4 11. d4 Nxe5 12. Be2 Bxh3 13. Bxh5 Bg4 14. Bxg4 Nxg4 15. Qf3 Ba7 16. Bf4 f5 17. e5 dxe5 18. Bxe5 Rae8 19. Nd2 f4 20. Nf1 Rf5 21. Bxc7 Rxe1 22. Rxe1 Rh5 23. Qh3 Qxf2+ 24. Kh1 Rxh3+ 25. gxh3 Qxe1 0-1


[Site "https://www.chess.com"]

[Event "Titled Tuesday Blitz July 05 Late 2022"]
[White "Djokic, Mihailo"]
[Black "Martinez Alcantara, Jose Eduardo"]
[WhiteFideId "976440"]
[BlackFideId "3805662"]
[WhiteElo "2246"]
[BlackElo "2703"]
[Result "0-1"]
[Round "02"]
[TimeControl "180+1"]
[Date "2022.07.05"]
[WhiteClock "0:00:18"]
[BlackClock "0:00:48"]

1. e4 c5 2. Nf3 d6 3. d4 cxd4 4. Nxd4 Nf6 5. Nc3 Nc6 6. Bg5 e6 7. Qd2 a6 8. O-O-O Bd7 9. f4 Be7 10. Kb1 b5 11. a3 Rc8 12. Nb3 h6 13. Bxf6 Bxf6 14. Qxd6 Be7 15. Qd3 b4 16. axb4 Nxb4 17. Qg3 O-O 18. f5 exf5 19. exf5 Qc7 20. Qxc7 Rxc7 21. g4 Rb8 22. Bg2 Bf6 23. Ne4 Nxc2 24. Nxf6+ gxf6 25. Rxd7 Rxd7 26. Nc5 Rd2 27. Bb7 Nb4 28. Rc1 Kg7 29. Rc4 Rd1+ 30. Rc1 Rxc1+ 31. Kxc1 Nd3+ 32. Nxd3 Rxb7 33. Kc2 h5 34. gxh5 Kh6 35. Nf4 Rb5 36. Ne2 Rxf5 37. Kd3 Rxh5 38. Nd4 Rxh2 39. b4 Kg6 40. Nf3 Rh3 41. Ke4 f5+ 42. Kf4 Rxf3+ 43. Kxf3 Kf6 44. b5 axb5 0-1


[Site "https://www.chess.com"]

[Event "Titled Tuesday Blitz July 05 Late 2022"]
[White "Domingo Nunez, Alejandro"]
[Black "Tari, Aryan"]
[WhiteFideId "22245561"]
[BlackFideId "1510045"]
[WhiteElo "2222"]
[BlackElo "2612"]
[Result "0-1"]
[Round "02"]
[TimeControl "180+1"]
[Date "2022.07.05"]
[WhiteClock "0:00:01"]
[BlackClock "0:00:09"]

1. Nf3 Nf6 2. g3 b6 3. Bg2 Bb7 4. O-O g6 5. b3 Bg7 6. Bb2 O-O 7. c4 c5 8. d4 cxd4 9. Qxd4 d6 10. Nc3 Nbd7 11. Rad1 a6 12. Rfe1 b5 13. cxb5 axb5 14. Qd2 b4 15. Na4 Qa5 16. Rc1 Nc5 17. Nxc5 dxc5 18. Ra1 Ne4 19. Qc2 Bxb2 20. Qxb2 Nc3 21. Ne5 Bxg2 22. Kxg2 Qc7 23. Nc4 Qb7+ 24. f3 Rfd8 25. a4 h5 26. a5 Qa6 27. Qc1 Rd4 28. Qe3 Qf6 29. h4 Ra6 30. Ne5 Re6 31. f4 Ra6 32. Qf3 Nd5 33. e3 Rd2+ 34. Re2 Rxe2+ 35. Qxe2 Ra7 36. Qb5 Nxe3+ 37. Kf3 Qd6 38. Re1 Nf5 0-1


[Site "https://www.chess.com"]

[Event "Titled Tuesday Blitz July 05 Late 2022"]
[White "Domingo Nunez, Ruben"]
[Black "Doluhanova, Evgeniya"]
[WhiteFideId "22245570"]
[BlackFideId "14112035"]
[WhiteElo "2373"]
[BlackElo "2076"]
[Result "1-0"]
[Round "02"]
[TimeControl "180+1"]
[Date "2022.07.06"]
[WhiteClock "0:00:22"]
[BlackClock "0:00:03"]

1. c4 Nf6 2. Nf3 e6 3. e3 d5 4. b3 dxc4 5. Bxc4 b6 6. O-O Ba6 7. Bb2 Bxc4 8. bxc4 Be7 9. d4 O-O 10. Nc3 Nbd7 11. Qa4 Bd6 12. Rad1 Qe7 13. Nb5 a6 14. Nxd6 cxd6 15. Ba3 Rfc8 16. Rb1 Ne4 17. Rfc1 f5 18. Qd1 g5 19. Nd2 Nxd2 20. Qxd2 Ra7 21. Rb3 Rac7 22. Rbc3 Nf6 23. f3 Qd7 24. Qd1 b5 25. Qd3 Qc6 26. c5 d5 27. Bb4 Rg7 28. Ba5 g4 29. Kf2 gxf3 30. gxf3 Rg6 31. Rg1 Rxg1 32. Kxg1 Kf7 33. Rc2 Rg8+ 34. Rg2 Rxg2+ 35. Kxg2 Qe8 36. a4 Qg8+ 37. Kf2 Qe8 38. Qf1 bxa4 39. Qxa6 a3 40. c6 a2 41. Bc3 Ng8 42. Qb7+ Ne7 43. c7 Qc8 44. Qa7 Nc6 45. Qb6 Ne7 46. h4 Ke8 47. Qb5+ Kf7 48. Qa5 Nc6 49. Qxa2 Qxc7 50. Kg2 Qe7 51. Kh3 Nd8 52. Qa4 Qe8 53. Qa7+ Qe7 54. Qb8 Qd7 55. Bb4 Nc6 56. Qf8+ Kg6 57. Qg8+ Qg7 58. Qe8+ Qf7 59. Qxc6 f4 60. e4 dxe4 61. Qxe4+ Kh5 62. Qe5+ Kh6 63. Qg5# 1-0


[Site "https://www.chess.com"]

[Event "Titled Tuesday Blitz July 05 Late 2022"]
[White "Drygalov, Andrey"]
[Black "Ambartsumova, Karina"]
[WhiteFideId "24171735"]
[BlackFideId "4166299"]
[WhiteElo "2531"]
[BlackElo "2262"]
[Result "1-0"]
[Round "02"]
[TimeControl "180+1"]
[Date "2022.07.05"]
[WhiteClock "0:01:20"]
[BlackClock "0:00:05"]

1. e4 e5 2. Nf3 Nc6 3. Bc4 Bc5 4. O-O Nf6 5. d3 O-O 6. c3 d5 7. exd5 Nxd5 8. a4 a6 9. Re1 Nb6 10. Bb3 Bg4 11. a5 Nd7 12. h3 Bh5 13. Nbd2 Re8 14. Ne4 Bf8 15. Bg5 Qc8 16. Ng3 Bg6 17. Nh4 Nc5 18. Nxg6 hxg6 19. Bc2 Qd7 20. Qf3 Ne6 21. Be3 Rad8 22. h4 f5 23. Bc1 Be7 24. h5 f4 25. Ne4 g5 26. Bb3 Kh8 27. h6 gxh6 28. Qh3 Bf8 29. Nf6 Qd6 30. Nxe8 Rxe8 31. d4 Bg7 32. Bc4 Ncd8 33. dxe5 Qc5 34. Bd3 Nf8 35. Bd2 Nf7 36. Qh5 Qe7 37. c4 Nxe5 38. Bc3 Nfd7 39. Bf5 Rd8 40. Rad1 1-0


[Site "https://www.chess.com"]

[Event "Titled Tuesday Blitz July 05 Late 2022"]
[White "Eljanov, Pavel"]
[Black "Suder, Jakub"]
[WhiteFideId "14102951"]
[BlackFideId "1195310"]
[WhiteElo "2601"]
[BlackElo "2071"]
[Result "1-0"]
[Round "02"]
[TimeControl "180+1"]
[Date "2022.07.05"]
[WhiteClock "0:02:27"]
[BlackClock "0:02:18"]

1. e4 c5 2. Nf3 e6 3. d4 cxd4 4. Nxd4 Nc6 5. Nc3 Nf6 6. g3 Qb6 7. Nb3 Bb4 8. Bg2 Qa6 9. Bd2 h5 10. a3 Be7 11. Bf1 Qb6 12. Qe2 h4 13. e5 Ng8 14. O-O-O hxg3 15. fxg3 d5 16. exd6 Bxd6 17. Be3 Qc7 18. Nb5 1-0


[Site "https://www.chess.com"]

[Event "Titled Tuesday Blitz July 05 Late 2022"]
[White "Fedoseev, Vladimir"]
[Black "Issani, Nameer"]
[WhiteFideId "24130737"]
[BlackFideId "2619130"]
[WhiteElo "2726"]
[BlackElo "2641"]
[Result "1-0"]
[Round "02"]
[TimeControl "180+1"]
[Date "2022.07.05"]
[WhiteClock "0:01:27"]
[BlackClock "0:00:18"]

1. d4 Nf6 2. c4 e6 3. Nf3 Bb4+ 4. Bd2 Qe7 5. g3 O-O 6. Bg2 Re8 7. O-O Bxd2 8. Qxd2 d6 9. Nc3 Nbd7 10. b4 e5 11. e3 c6 12. c5 d5 13. b5 e4 14. Ne1 Nf8 15. Nc2 Bf5 16. a4 h5 17. a5 a6 18. bxc6 bxc6 19. Rfb1 Qe6 20. Rb6 h4 21. Nb4 Rec8 22. Nxa6 Bh3 23. Nb4 Ng6 24. Qe2 Bxg2 25. Kxg2 h3+ 26. Kf1 Ng4 27. Kg1 f5 28. Ncxd5 Qf7 29. Nc3 Rf8 30. Qa2 1-0


[Site "https://www.chess.com"]

[Event "Titled Tuesday Blitz July 05 Late 2022"]
[White "Garcia Ramos, Daniel"]
[Black "Vrbljanac, Aleksandar"]
[WhiteFideId "32010311"]
[BlackFideId "932817"]
[WhiteElo "2268"]
[BlackElo "2309"]
[Result "0-1"]
[Round "02"]
[TimeControl "180+1"]
[Date "2022.07.06"]
[WhiteClock "0:00:04"]
[BlackClock "0:00:10"]

1. e4 e5 2. Nf3 Nc6 3. Bc4 Nf6 4. d3 Bc5 5. O-O O-O 6. Re1 h6 7. c3 Re8 8. Nbd2 d5 9. exd5 Nxd5 10. a4 Nb6 11. Bb5 Bd6 12. a5 Nd7 13. a6 Rb8 14. Nc4 Qf6 15. h3 Nf8 16. Be3 Bd7 17. Qa4 Qg6 18. Kh1 Qh5 19. Ng1 Red8 20. axb7 Ne7 21. Bxd7 Nxd7 22. Nxd6 cxd6 23. Qxa7 Nd5 24. Nf3 Nxe3 25. Rxe3 Nc5 26. Qxb8 Rxb8 27. Ra8 Nd7 28. Re4 Qf5 29. Rc4 Kh7 30. Rxb8 Nxb8 31. Rc8 Na6 32. Ra8 Qd7 33. Rxa6 Qxb7 34. Rxd6 Qxb2 35. c4 Qc1+ 36. Kh2 Qf4+ 37. Kg1 e4 38. Rd4 Qc1+ 39. Kh2 exf3 40. gxf3 Qb2 41. Rf4 Qxf2+ 42. Kh1 Qf1+ 43. Kh2 Qxd3 44. Kg3 f6 45. Re4 Kg6 46. h4 h5 47. Rf4 Qd2 48. Re4 Qd6+ 49. Kg2 Qc5 50. Kh2 Kf7 51. Kg2 g5 52. hxg5 fxg5 53. Kg3 Kg6 54. Re6+ Kf5 55. Re4 h4+ 56. Kh3 Qg1 57. Rg4 Qh1# 0-1


[Site "https://www.chess.com"]

[Event "Titled Tuesday Blitz July 05 Late 2022"]
[White "Gubajdullin, Alexei"]
[Black "Ibarra Jerez, Jose Carlos"]
[WhiteFideId "4141202"]
[BlackFideId "2226332"]
[WhiteElo "2190"]
[BlackElo "2628"]
[Result "0-1"]
[Round "02"]
[TimeControl "180+1"]
[Date "2022.07.05"]
[WhiteClock "0:00:01"]
[BlackClock "0:00:03"]

1. c4 e5 2. Nc3 Nc6 3. Nf3 f5 4. g3 Nf6 5. d4 e4 6. Nh4 Bb4 7. Nxf5 d5 8. Ne3 dxc4 9. d5 Bxc3+ 10. bxc3 Ne7 11. Ba3 Nexd5 12. Nxc4 Be6 13. Qc2 Nb6 14. Rd1 Qc8 15. Ne3 c5 16. Bg2 Qc6 17. f3 O-O 18. O-O Nc4 19. Nxc4 Bxc4 20. fxe4 Ng4 21. Bc1 Qa6 22. e5 Nxe5 23. Qe4 Rfe8 24. Rde1 Rad8 25. Qxb7 Qxa2 26. Qc7 h6 27. Rf4 Nd3 28. Rg4 Bf7 29. Rf1 Rc8 0-1


[Site "https://www.chess.com"]

[Event "Titled Tuesday Blitz July 05 Late 2022"]
[White "Hakobyan, Aram"]
[Black "Vlassov, Nikolai"]
[WhiteFideId "13306677"]
[BlackFideId "4103360"]
[WhiteElo "2557"]
[BlackElo "2324"]
[Result "1-0"]
[Round "02"]
[TimeControl "180+1"]
[Date "2022.07.05"]
[WhiteClock "0:00:20"]
[BlackClock "0:00:19"]

1. d4 Nf6 2. c4 Nc6 3. Nf3 e6 4. a3 d5 5. Nc3 dxc4 6. e4 Na5 7. Bxc4 Nxc4 8. Qa4+ Bd7 9. Qxc4 Be7 10. Bf4 Rc8 11. O-O-O O-O 12. Ne5 b5 13. Nxb5 Nxe4 14. Nxa7 Nxf2 15. Nxc8 Qxc8 16. Nxd7 Qxd7 17. Kb1 Nxh1 18. Rxh1 Bf6 19. Be5 Bxe5 20. dxe5 Rb8 21. Rc1 Qd2 22. Rc2 Qe1+ 23. Ka2 Qxe5 24. g3 c5 25. b4 h5 26. Qxc5 Qe4 27. Qc4 Qe3 28. Qf4 Qb6 29. Rc6 Qb5 30. Qc4 Qb7 31. Kb3 g6 32. a4 Kh7 33. b5 Qd7 34. Rc7 Qd1+ 35. Kb4 Qb1+ 36. Kc5 Qf5+ 37. Kc6 Qf3+ 38. Kc5 Qf5+ 39. Kb4 Qb1+ 40. Ka3 Kg7 41. Qc3+ Kg8 42. Qf6 Qa1+ 43. Qxa1 1-0


[Site "https://www.chess.com"]

[Event "Titled Tuesday Blitz July 05 Late 2022"]
[White "Halkias, Stelios"]
[Black "Barria Santos, Jose Guilherme"]
[WhiteFideId "4201809"]
[BlackFideId "1939300"]
[WhiteElo "2453"]
[BlackElo "2263"]
[Result "1-0"]
[Round "02"]
[TimeControl "180+1"]
[Date "2022.07.06"]
[WhiteClock "0:00:24"]
[BlackClock "0:00:03"]

1. Nf3 Nf6 2. c4 e6 3. g3 d5 4. d4 Be7 5. Bg2 O-O 6. b3 Bb4+ 7. Bd2 Qe7 8. O-O b6 9. Qc2 Bb7 10. Bxb4 Qxb4 11. c5 Nc6 12. e3 bxc5 13. a3 Qb5 14. Nc3 Qa6 15. dxc5 Rab8 16. b4 Qc4 17. Rfc1 d4 18. Bf1 Qxc3 19. Qb1 Qxc1 20. Qxc1 dxe3 21. Qxe3 Rfd8 22. Bg2 Nd5 23. Qe1 Ba6 24. Rd1 Bb5 25. h4 a5 26. bxa5 Ra8 27. Nd4 Nxd4 28. Rxd4 Bc6 29. h5 h6 30. Qe5 Rd7 31. Rg4 1-0


[Site "https://www.chess.com"]

[Event "Titled Tuesday Blitz July 05 Late 2022"]
[White "Hansen, Eric"]
[Black "Tatarinov, Dmitry"]
[WhiteFideId "2606771"]
[BlackFideId "24160067"]
[WhiteElo "2568"]
[BlackElo "2302"]
[Result "1-0"]
[Round "02"]
[TimeControl "180+1"]
[Date "2022.07.05"]
[WhiteClock "0:02:25"]
[BlackClock "0:00:59"]

1. g3 Nf6 2. Bg2 g6 3. b3 Bg7 4. Bb2 O-O 5. c4 c5 6. Nf3 Nc6 7. O-O d6 8. d4 cxd4 9. Nxd4 Bd7 10. e3 Qc8 11. Nc3 Bh3 12. Rc1 Bxg2 13. Kxg2 Nxd4 14. exd4 e6 15. Qf3 Qc6 16. d5 exd5 17. Nxd5 Nxd5 18. cxd5 Qd7 19. Bxg7 Kxg7 20. Qc3+ Kg8 21. Qf6 Rfe8 22. Rfe1 h5 23. h4 Rxe1 24. Rxe1 Re8 25. Rxe8+ Qxe8 26. Qxd6 Qe4+ 27. Kh2 Qf3 28. Qc5 b6 29. Qd4 Kf8 30. d6 Ke8 31. Qe5+ Kd7 32. Qe7+ Kc6 33. Qc7+ Kb5 34. Qc4+ Ka5 35. Qa4# 1-0


[Site "https://www.chess.com"]

[Event "Titled Tuesday Blitz July 05 Late 2022"]
[White "He, Anthony"]
[Black "Papp, Levente"]
[WhiteFideId "2088215"]
[BlackFideId "751243"]
[WhiteElo "2409"]
[BlackElo "2308"]
[Result "1-0"]
[Round "02"]
[TimeControl "180+1"]
[Date "2022.07.05"]
[WhiteClock "0:00:50"]
[BlackClock "0:00:07"]

1. d4 e6 2. c4 d5 3. Nf3 Nf6 4. Bg5 h6 5. Bh4 g5 6. Bg3 Bg7 7. e3 O-O 8. Nc3 a6 9. c5 b6 10. cxb6 cxb6 11. Bd3 Nc6 12. Rc1 Bb7 13. O-O b5 14. h4 Nh5 15. Be5 g4 16. Bxg7 Kxg7 17. Nh2 f5 18. g3 e5 19. Nxg4 e4 20. Bc2 Qd6 21. Ne5 Nf6 22. Nxc6 Bxc6 23. Bb3 Be8 24. Qd2 Bh5 25. Bd1 Bg4 26. Ne2 Nh5 27. Nf4 Nxf4 28. exf4 h5 29. Bxg4 hxg4 30. Rc5 Rac8 31. Rfc1 Rxc5 32. Rxc5 Rd8 33. Qc3 Rd7 34. Rc6 Qe7 35. h5 b4 36. Qc2 a5 37. Rg6+ Kh7 38. Qc6 e3 39. Rh6+ Kg8 40. Qg6+ Qg7 41. Qe8+ Qf8 42. Rh8+ 1-0


[Site "https://www.chess.com"]

[Event "Titled Tuesday Blitz July 05 Late 2022"]
[White "Hu, Merric"]
[Black "Yuan, Qingyu"]
[WhiteFideId "30906660"]
[BlackFideId "8609772"]
[WhiteElo "1912"]
[BlackElo "2359"]
[Result "0-1"]
[Round "02"]
[TimeControl "180+1"]
[Date "2022.07.06"]
[WhiteClock "0:00:07"]
[BlackClock "0:00:22"]

1. e4 c6 2. Nf3 d5 3. d3 dxe4 4. dxe4 Qxd1+ 5. Kxd1 Nf6 6. Nc3 g6 7. Be2 Bg7 8. h3 O-O 9. Be3 b5 10. a3 Nbd7 11. e5 Nd5 12. Nxd5 cxd5 13. Bd4 a6 14. Kd2 Bb7 15. Rhd1 Rfc8 16. c3 Nc5 17. Ke1 e6 18. Bxc5 Rxc5 19. a4 bxa4 20. Rxa4 Rb8 21. Rd2 a5 22. g4 h6 23. h4 g5 24. hxg5 hxg5 25. Bd3 Bc6 26. Ra2 a4 27. Ke2 Be8 28. Bc2 Rc4 29. Rd4 Bb5 30. Bd3 Rc5 31. Bxb5 Rcxb5 32. Rdxa4 Rxb2+ 33. Rxb2 Rxb2+ 34. Ke3 Rc2 35. Nxg5 Rxc3+ 36. Kd4 Rc7 37. f4 Bh6 38. Rb4 Bxg5 39. fxg5 Kg7 40. Ke3 Kg6 41. Rf4 Kxg5 42. Rd4 Rc3+ 43. Kd2 Rc4 0-1


[Site "https://www.chess.com"]

[Event "Titled Tuesday Blitz July 05 Late 2022"]
[White "Jaracz, Pawel"]
[Black "Huber, Benedikt"]
[WhiteFideId "1102222"]
[BlackFideId "12923583"]
[WhiteElo "2459"]
[BlackElo "1979"]
[Result "1-0"]
[Round "02"]
[TimeControl "180+1"]
[Date "2022.07.06"]
[WhiteClock "0:00:31"]
[BlackClock "0:00:06"]

1. e4 c5 2. Nf3 e6 3. d4 cxd4 4. Nxd4 Nc6 5. Nc3 Qc7 6. Be3 a6 7. Qd2 Nf6 8. O-O-O Bb4 9. f3 Ne5 10. Qe1 Nc4 11. Bxc4 Qxc4 12. Nde2 O-O 13. Qg3 Bxc3 14. Nxc3 b5 15. Kb1 Kh8 16. Rd4 Qc6 17. Rd6 Qc7 18. Rhd1 Bb7 19. Bd4 Ne8 20. Rxd7 Qxg3 21. hxg3 Bc6 22. Re7 b4 23. Ne2 Rd8 24. Kc1 Nd6 25. Nf4 Nb5 26. Bc5 Rc8 27. Bxb4 e5 28. Nd5 Nd4 29. c3 Ne2+ 30. Kc2 f6 31. Ra7 Bb5 32. Bxf8 Rxf8 33. Nc7 Rc8 34. Nxb5 axb5 35. Rad7 h5 36. Rd8+ Rxd8 37. Rxd8+ Kh7 38. b3 1-0


[Site "https://www.chess.com"]

[Event "Titled Tuesday Blitz July 05 Late 2022"]
[White "Jaskolka, Tomasz"]
[Black "Corrales Jimenez, Fidel"]
[WhiteFideId "1170791"]
[BlackFideId "3506690"]
[WhiteElo "2073"]
[BlackElo "2541"]
[Result "1/2-1/2"]
[Round "02"]
[TimeControl "180+1"]
[Date "2022.07.06"]
[WhiteClock "0:00:07"]
[BlackClock "0:00:04"]

1. d4 Nf6 2. Bf4 g6 3. Nc3 d5 4. e3 Bg7 5. h4 c6 6. Nf3 Nbd7 7. Be2 b5 8. a3 Bb7 9. Ne5 a6 10. Bf3 Nxe5 11. Bxe5 h5 12. g3 Qb6 13. Qe2 c5 14. O-O Rd8 15. Rfd1 O-O 16. a4 c4 17. axb5 axb5 18. b4 e6 19. Ra5 Bc6 20. Rda1 Ra8 21. Bd6 Rfc8 22. Bc5 Qd8 23. Qd1 Rab8 24. R1a2 Nd7 25. Bd6 Rb7 26. Qa1 Nb6 27. Bc5 Nd7 28. Bd6 Bf8 29. Bxf8 Qxf8 30. Qb2 Qd6 31. Ra6 Nb6 32. R2a5 Qb8 33. Qa3 e5 34. Nxb5 Bxb5 35. Rxb5 exd4 36. exd4 Re8 37. Qa5 Re6 38. c3 Kg7 39. Kg2 Qd8 40. Bxd5 Qd7 41. Bxb7 Qxb7+ 42. Kh2 Re1 43. d5 Qe7 44. Rbxb6 Qe4 45. Rxg6+ fxg6 46. Qc7+ Kh6 47. Qf4+ Qxf4 48. gxf4 Rc1 49. Rc6 Rxc3 50. d6 Rd3 51. Rxc4 Rxd6 52. Kg3 Rd3+ 53. f3 Kg7 54. Kf2 Rd2+ 55. Ke3 Rh2 56. b5 Rxh4 57. Rb4 Rh1 58. b6 Re1+ 59. Kf2 Re8 60. b7 Rb8 61. Kg3 Kf6 62. Kh4 Kf5 63. Kg3 Kf6 64. Rb6+ Kf5 65. Rb5+ Ke6 66. Kh3 Kf6 67. Kh4 Ke6 68. Kg5 Kf7 69. Rb6 Ke7 70. Kxg6 h4 71. Kf5 h3 72. Ke5 h2 73. Rh6 Rxb7 74. Rxh2 Kf8 75. f5 Rb6 76. f4 Kf7 77. Rh7+ Kf8 78. Rd7 Ra6 79. Rd6 Ra7 80. f6 Kf7 81. Rd5 Rb7 82. Kf5 Ra7 83. Re5 Ra1 84. Re7+ Kf8 85. Rb7 Rc1 86. Kg6 Rg1+ 87. Kf5 Rc1 88. Rd7 Ra1 89. Rb7 Rc1 1/2-1/2


[Site "https://www.chess.com"]

[Event "Titled Tuesday Blitz July 05 Late 2022"]
[White "Jian, Alex"]
[Black "Ward, Ieuan C"]
[WhiteFideId "30901022"]
[BlackFideId "406627"]
[WhiteElo "2095"]
[BlackElo "2282"]
[Result "1/2-1/2"]
[Round "02"]
[TimeControl "180+1"]
[Date "2022.07.06"]
[WhiteClock "0:00:03"]
[BlackClock "0:00:15"]

1. Nf3 Nf6 2. b3 e6 3. Bb2 d5 4. e3 Be7 5. Ne5 O-O 6. Bd3 c5 7. O-O Nc6 8. f4 Nd7 9. Nxd7 Bxd7 10. Bxh7+ Kxh7 11. Qh5+ Kg8 12. Bxg7 Kxg7 13. Qg4+ Bg5 14. fxg5 Ne5 15. Qg3 Ng6 16. h4 Rh8 17. h5 Rxh5 18. Qf3 Rxg5 19. Qxf7+ Kh6 20. Nc3 Qe8 21. Qf3 Kg7 22. Qf6+ Kh6 23. Qf3 Rf5 24. Qh3+ Rh5 25. Qf3 Qh8 26. g4 Rh4 27. Kg2 Rf8 28. Qe2 Kg7 29. Rh1 Rf6 30. Kg3 Rf7 31. d3 Qh6 32. Rag1 Qg5 33. Nd1 e5 34. Nf2 Rxf2 35. Kxf2 Rxg4 36. Rxg4 Qxg4 37. Qe1 Qf5+ 38. Ke2 Qg4+ 39. Kd2 e4 40. Rg1 Qf5 41. Qe2 exd3 42. cxd3 c4 43. bxc4 dxc4 44. e4 Qf4+ 45. Kc2 cxd3+ 46. Qxd3 Bc6 47. Rd1 Qxe4 48. Qxe4 Bxe4+ 49. Kc3 Bc6 50. Rd6 Kf7 51. Rd4 Ne7 52. Rf4+ Ke8 53. Kb2 Kd7 54. Rd4+ Nd5 55. a3 Kd6 56. Rd2 Kc5 57. Kb3 b5 58. Rc2+ Kb6 59. Rd2 a5 60. Rh2 a4+ 61. Kb2 Kc5 62. Rc2+ Kb6 63. Rd2 Nc7 64. Rc2 Na6 65. Rd2 Nc5 66. Rc2 Nb3 67. Rc3 Bd5 68. Rg3 Bc4 69. Kc3 Nc5 70. Rg6+ Ka5 71. Rh6 Ne4+ 72. Kb2 Nd2 73. Kc3 Nb1+ 74. Kb2 Nd2 75. Kc3 Ne4+ 76. Kb2 Nc5 77. Rh5 Na6 78. Rg5 Nc7 79. Rh5 Nd5 80. Rg5 b4 81. axb4+ Kxb4 82. Rxd5 Bxd5 83. Ka1 a3 84. Kb1 a2+ 85. Ka1 Kb3 1/2-1/2


[Site "https://www.chess.com"]

[Event "Titled Tuesday Blitz July 05 Late 2022"]
[White "Koc, Przemyslaw"]
[Black "Raja Rithvik R"]
[WhiteFideId "1109081"]
[BlackFideId "35007394"]
[WhiteElo "2134"]
[BlackElo "2255"]
[Result "0-1"]
[Round "02"]
[TimeControl "180+1"]
[Date "2022.07.06"]
[WhiteClock "0:01:15"]
[BlackClock "0:00:49"]

1. d4 Nf6 2. Bg5 d5 3. Nd2 e6 4. e3 Be7 5. Bd3 O-O 6. Ngf3 c5 7. c3 Nc6 8. O-O h6 9. Bh4 b6 10. Ne5 Nxe5 11. dxe5 Nd7 12. Bxe7 Qxe7 13. f4 Bb7 14. Qh5 f5 15. exf6 Nxf6 16. Qg6 Qf7 17. Nf3 Qxg6 18. Bxg6 Bc6 19. Ne5 Be8 20. Bd3 Nd7 21. Nxd7 Bxd7 22. e4 Bc6 23. e5 Rad8 24. Rad1 d4 25. c4 g5 26. fxg5 hxg5 27. h3 Kg7 28. Kh2 Rf4 29. Rxf4 gxf4 30. Rf1 Rf8 31. g3 fxg3+ 32. Kxg3 Rxf1 33. Bxf1 Be4 34. Kf4 Bf5 35. h4 Kh6 36. Be2 Kg6 37. a3 a6 38. b4 Bc2 39. bxc5 bxc5 40. Bf3 Bd3 41. Bd5 exd5 42. cxd5 c4 43. d6 Kf7 44. h5 c3 0-1


[Site "https://www.chess.com"]

[Event "Titled Tuesday Blitz July 05 Late 2022"]
[White "Kosteniuk, Alexandra"]
[Black "Mickiewicz, Piotr"]
[WhiteFideId "4128125"]
[BlackFideId "1114891"]
[WhiteElo "2469"]
[BlackElo "2209"]
[Result "1-0"]
[Round "02"]
[TimeControl "180+1"]
[Date "2022.07.06"]
[WhiteClock "0:00:11"]
[BlackClock "0:00:03"]

1. e4 c6 2. c4 d5 3. cxd5 cxd5 4. exd5 Nf6 5. Nc3 Nxd5 6. Nf3 Nc6 7. Bb5 e6 8. O-O Be7 9. d4 O-O 10. Bd3 Nxc3 11. bxc3 b6 12. Qe2 Bb7 13. Re1 Bf6 14. h4 Re8 15. Bg5 h6 16. Bd2 Na5 17. Ne5 Rc8 18. Qg4 Bxe5 19. Rxe5 Qf6 20. Rh5 Kf8 21. Bf4 Nc4 22. Re1 Red8 23. a4 Rd5 24. Rxd5 Bxd5 25. Qg3 Kg8 26. h5 Kh8 27. a5 bxa5 28. Ra1 Kg8 29. Bxc4 Rxc4 30. Rxa5 Kh7 31. Rxa7 Qf5 32. Be5 Qg5 33. Qxg5 hxg5 34. Rxf7 Rxc3 35. Rxg7+ Kh6 36. f3 g4 37. Rxg4 Rc1+ 38. Kh2 Kxh5 39. Kg3 Rc2 40. Bf6 Rd2 41. Rg5+ Kh6 42. Rg8 Rd1 43. Kf4 Rd3 44. Be5 Kh7 45. Rg3 Kh6 46. Rg4 Rd2 47. Rg8 Re2 48. Rh8+ Kg6 49. Kg3 Kf7 50. Rh6 Ke8 51. Rg6 Rd2 52. Rg5 Kd7 53. Kh4 Kc6 54. Rg8 Kb5 55. Kg3 Kc4 56. Kf4 Kd3 57. g4 Kc4 58. g5 Rd3 59. g6 Rxf3+ 60. Kg5 Rf2 61. g7 Rg2+ 62. Kf6 Be4 63. Rc8+ Kd3 64. g8=Q Rf2+ 65. Ke7 Rg2 66. Qh8 Ke3 67. Qh3+ Ke2 68. Bf4 Rg7+ 69. Kf6 Rg6+ 70. Kf7 Bf5 71. Qe3+ Kf1 72. Rc1+ Kg2 73. Rg1# 1-0


[Site "https://www.chess.com"]

[Event "Titled Tuesday Blitz July 05 Late 2022"]
[White "Kozlov, Gennady"]
[Black "Riehle, Marco"]
[WhiteFideId "4191668"]
[BlackFideId "12904392"]
[WhiteElo "2392"]
[BlackElo "2462"]
[Result "0-1"]
[Round "02"]
[TimeControl "180+1"]
[Date "2022.07.05"]
[WhiteClock "0:01:52"]
[BlackClock "0:01:37"]

1. d4 d5 2. c4 e6 3. Nc3 c5 4. Nf3 cxd4 5. Nxd4 e5 6. Ndb5 a6 7. Na3 d4 8. Nd5 Nf6 9. Nxf6+ Qxf6 10. e3 Bb4+ 11. Bd2 dxe3 12. fxe3 Bxd2+ 13. Qxd2 O-O 14. Bd3 Nc6 15. O-O-O Be6 16. g4 Rfd8 17. g5 Qe7 18. Qg2 Nb4 19. Be4 Nxa2+ 20. Kc2 Qb4 21. Bd5 Bxd5 22. Rxd5 Qb6 23. Rxe5 Qd6 24. Qe4 Nb4+ 25. Kb3 a5 26. Qd4 Qc6 27. Rd5 Nxd5 28. cxd5 Rxd5 29. Qc4 Qxc4+ 30. Kxc4 0-1


[Site "https://www.chess.com"]

[Event "Titled Tuesday Blitz July 05 Late 2022"]
[White "Krstulovic, Alex"]
[Black "Rosen, Eric"]
[WhiteFideId "760056"]
[BlackFideId "2032562"]
[WhiteElo "2244"]
[BlackElo "2362"]
[Result "1-0"]
[Round "02"]
[TimeControl "180+1"]
[Date "2022.07.06"]
[WhiteClock "0:00:29"]
[BlackClock "0:00:05"]

1. e4 c5 2. Nc3 e6 3. Nf3 Nc6 4. d4 cxd4 5. Nxd4 Qc7 6. Be3 a6 7. a3 Nf6 8. f4 d6 9. Qf3 Be7 10. O-O-O Bd7 11. g4 Nxd4 12. Rxd4 e5 13. Rc4 Qa5 14. g5 Ng4 15. Bh3 Nxe3 16. Bxd7+ Kxd7 17. Qxe3 exf4 18. Qh3+ Ke8 19. Nd5 Rd8 20. Qf5 Kf8 21. Nxe7 Qxf5 22. Nxf5 g6 23. Nd4 h6 24. gxh6 Rxh6 25. Rf1 g5 26. Rf2 Re8 27. Nf5 Rhe6 28. Rc7 Rxe4 29. Nxd6 Re1+ 30. Kd2 R8e6 31. Rxf7+ Kg8 32. Rf5 Rg1 33. Nf7 Rg6 34. Ne5 Rd6+ 35. Nd3 Kg7 36. h4 Kg6 37. Rxg5+ Rxg5 38. hxg5 Kxg5 39. Ke2 Rd4 40. Kf3 b5 41. Rg2+ Kf5 42. Rg4 a5 43. Rxf4+ Rxf4+ 44. Nxf4 Ke5 45. Ke3 b4 46. axb4 axb4 47. Nd3+ Kd5 48. Nxb4+ Kc4 49. Nd3 Kb5 50. Kd4 Ka4 51. c4 Kb3 52. c5 1-0


[Site "https://www.chess.com"]